 Dungeon Crawl Stone Soup version 0.31-a0-705-ga145531891 (webtiles) character file.

Game seed: 14600397969919851006

5194 qw the Skirmisher (level 10, 0/64 HPs)
             Began as a Gargoyle Hunter on Sept 9, 2023.
             Was a Believer of Okawaru.
             Slain by Maggie
             ... wielding a +0 glaive of pain
              (7 damage)
             ... on level 8 of the Dungeon.
             The game lasted 00:03:10 (7496 turns).

qw the Skirmisher (Gargoyle Hunter)                 Turns: 7496, Time: 00:03:11

Health: 0/64       AC: 14    Str: 15    XL:     10   Next: 60%
Magic:  12/13      EV: 17    Int: 10    God:    Okawaru [**....]
Gold:   0          SH:  0    Dex: 23    Spells: 9/9 levels left

rFire   . . .        Y - +0 orcbow
rCold   + . .        (shield currently unavailable)
rNeg    + . .        c - +0 ring mail {rC+}
rPois   inf          (no helmet)
rElec   +            (no cloak)
rCorr   +            (no gloves)
SInv    .            (no boots)
Will    .....        (no amulet)
Stlth   +++          j - ring of resist corrosion
HPRegen 0.30/turn    k - +6 ring of dexterity
MPRegen 0.13/turn

%: no passive effects
@: heroic
A: sickness immunity, AC +7, negative energy resistance 1, electricity
resistance, torment resistance 1, petrification resistance
a: Renounce Religion, Heroism


You were on level 8 of the Dungeon.
You worshipped Okawaru.
Okawaru was pleased with you.
You visited 2 branches of the dungeon, and saw 9 of its levels.


Innate Abilities, Weirdness & Mutations

You are immune to sickness and miasma.
Your stone body is resilient. (AC +7)
You are immune to poison.
You resist negative energy. (rN+)
You are resistant to electric shocks. (rElec)
You are resistant to unholy torment.
You are immune to petrification.


   Skills:
 - Level 8.1(13.1) Fighting
 + Level 12.2(17.2) Ranged Weapons
 - Level 3.5(8.5) Armour
 - Level 4.3(9.3) Dodging
 - Level 1.1(6.1) Stealth
 - Level 4.1 Invocations


You had 9 spell levels left.
You didn't know any spells.
Your spell library was empty.

Inventory:

Hand Weapons
 Y - a +0 orcbow (weapon)
Armour
 c - a +0 ring mail of cold resistance (worn)
Jewellery
 j - a ring of resist corrosion (left hand)
 k - a +6 ring of dexterity (right hand)
Wands
 g - a wand of digging (4)
Scrolls
 a - a scroll of identify
Potions
 b - a potion of mutation
 f - a potion of cancellation
 h - a potion of haste

Dungeon Overview and Level Annotations

Branches:
Dungeon (8/15)             Temple (1/1) D:4
   Lair: D:8-11

Altars:
Ashenzari
Cheibriados
Dithmenos
Elyvilon
Fedhas
Gozag
Hepliaklqana
Kikubaaqudgha
Makhleb
Okawaru
Qazlal
Ru
Sif Muna
Trog
Uskayaw
Vehumet
Wu Jian
Xom
Zin
The Shining One

Shops:
D:4 (

Annotations:
D:1 1 transporter
D:8 Maggie


Message History

The two-headed ogre closely misses you. x2
You shoot an arrow.
The arrow completely misses the two-headed ogre.
You shoot an arrow.
The arrow closely misses the two-headed ogre.
The two-headed ogre misses you. The two-headed ogre barely misses you.
You shoot an arrow. The arrow hits the two-headed ogre!!
The two-headed ogre is moderately wounded.
The two-headed ogre hits you with a +0 giant club!
The two-headed ogre barely misses you.
7488 ||| READING scroll of teleportation.
As you read the scroll of teleportation, it crumbles to dust.
You feel strangely unstable.
7489 ||| DRINKING potion of heal wounds.
You feel much better.
The two-headed ogre hits you with a +0 giant club!!
The two-headed ogre hits you but does no damage.
You shoot an arrow. The arrow hits the two-headed ogre!
The two-headed ogre is heavily wounded.
You start to feel less resistant.
You shoot an arrow. The arrow hits the two-headed ogre!
The two-headed ogre is severely wounded.
Your surroundings suddenly seem different.
Maggie the Vainglorious comes into view.
She is wielding a +0 glaive of pain.
You shoot an arrow.
Maggie shouts!
The arrow hits Maggie!
Maggie is lightly wounded.
You shoot an arrow. The arrow hits Maggie!!
Maggie is heavily wounded.
You shoot an arrow. The arrow closely misses Maggie.
You shoot an arrow. The arrow hits Maggie.
Maggie is heavily wounded.
Maggie misses you.
You shoot an arrow.
The arrow hits Maggie but does no damage.
Maggie is heavily wounded.
Your resistance to elements expires.
Maggie hits you from afar with a +0 glaive of pain!
You die...

#.....'......##... ##.
#.....#......##... #..
#....##......##... #...
#....##########..<
#....##....##...........
...#..................
...@...)..............
...#..%...............
...##@.[.##......##... .
#.[..##......#####
##............## .
#............... .
#................ .
#......[...........
#..................
################....####..#
##..##..).....###....####..#


You could see Maggie.

Vanquished Creatures
  Maurice (D:8)
  Psyche (D:7)
  A hornet (D:8)
  5 yaks (D:8)
  A steam dragon (D:5)
  2 water moccasins
  An orc warrior (D:8)
  5 sky beasts
  2 black bears
  4 ice beasts
  2 ogres
  3 centaurs
  3 phantoms
  3 bullfrogs
  3 scorpions
  4 wights (D:8)
  An electric eel (D:6)
  3 howler monkeys
  2 jellies (D:5)
  6 hounds (D:5)
  2 orc priests (D:8)
  A gnoll bouda (D:6)
  A sleepcap (D:6)
  3 iguanas
  Natasha (thrice) (D:2)
  4 orc wizards
  3 gnolls (D:6)
  10 adders
  2 white imps
  2 ufetubi
  3 worms
  2 dart slugs
  26 orcs
  5 ball pythons
  4 bats
  6 endoplasms
  3 giant cockroaches
  9 goblins
  6 hobgoblins
  3 jackals (D:2)
  15 kobolds
  3 quokkas
  2 frilled lizards
  5 rats
176 creatures vanquished.

Vanquished Creatures (others)
  An orc (D:5)
1 creature vanquished.

Grand Total: 177 creatures vanquished

Notes
Turn   | Place    | Note
-------+----------+-------------------------------------------
     0 | D:1      | qw the Gargoyle Hunter began the quest for the Orb.
     0 | D:1      | Reached XP level 1. HP: 12/12 MP: 1/1
     0 | D:1      | 0 ||| qw: Version: 0.3-a-80-g6052c40
     0 | D:1      | 0 ||| qw: Game counter: 1328
     0 | D:1      | 0 ||| qw: Melee chars always use a shield: true
     0 | D:1      | 0 ||| qw: God list: Okawaru
     0 | D:1      | 0 ||| qw: Allow faded altars: false
     0 | D:1      | 0 ||| qw: Do Orc after clearing Dungeon:15 true
     0 | D:1      | 0 ||| qw: Do second Lair branch before Depths: true
     0 | D:1      | 0 ||| qw: Lair rune preference: random
     0 | D:1      | 0 ||| qw: Goals: Normal
     0 | D:1      | 0 ||| PLANNING D:1-11
    78 | D:1      | Reached XP level 2. HP: 17/17 MP: 2/2
   717 | D:1      | Reached XP level 3. HP: 21/21 MP: 3/3
   776 | D:1      | 776 ||| READING scroll labelled DUXZOF SOMUCH.
   777 | D:1      | 777 ||| READING scroll labelled LOHUUT UMPI.
   778 | D:1      | 778 ||| READING scroll labelled SISUEMM XUOW.
   779 | D:1      | 779 ||| DRINKING 4 smoky puce potions.
   780 | D:1      | 780 ||| DROPPING scroll of butterflies.
   831 | D:2      | Noticed Natasha
   838 | D:2      | Killed Natasha
   839 | D:2      | Reached skill level 5 in Ranged Weapons
   839 | D:2      | 839 ||| STAIRDANCE
   965 | D:2      | Reached XP level 4. HP: 27/27 MP: 4/4
  1112 | D:2      | Reached skill level 3 in Fighting
  1299 | D:2      | Noticed Natasha
  1301 | D:2      | 1301 ||| Stepping ~*~*~tactically~*~*~ (retreating).
  1302 | D:2      | 1302 ||| Stepping ~*~*~tactically~*~*~ (retreating).
  1314 | D:2      | Killed Natasha
  1315 | D:2      | Reached XP level 5. HP: 18/32 MP: 5/5
  1317 | D:2      | Noticed Natasha
  1326 | D:2      | 1326 ||| Stepping ~*~*~tactically~*~*~ (retreating).
  1327 | D:2      | 1327 ||| Stepping ~*~*~tactically~*~*~ (retreating).
  1328 | D:2      | Killed Natasha
  1329 | D:2      | Reached skill level 6 in Ranged Weapons
  1552 | D:2      | 1552 ||| UPGRADING to +0 ring mail.
  1562 | D:2      | 1562 ||| DROPPING +0 leather armour.
  1563 | D:2      | 1563 ||| READING scroll labelled VYREIXIVEOTH.
  1732 | D:3      | Reached skill level 1 in Armour
  2024 | D:3      | Found a faded altar of an unknown god.
  2134 | D:3      | Found a burning altar of Makhleb.
  2379 | D:3      | Found a hazy altar of Hepliaklqana.
  2380 | D:3      | Found a shadowy altar of Dithmenos.
  2380 | D:3      | Noticed a shadow
  2673 | D:3      | 2673 ||| READING scroll labelled FYINI SOUGOCO.
  2674 | D:3      | 2674 ||| READING scroll labelled LOONEQ VILL.
  2675 | D:3      | 2675 ||| READING scroll labelled LUFRU ERINIQ IZEF.
  2780 | D:4      | Noticed a centaur
  2782 | D:4      | Killed a centaur
  2783 | D:4      | Reached XP level 6. HP: 35/38 MP: 6/6
  2804 | D:4      | 2804 ||| SWAPPING to +0 orcbow.
  2805 | D:4      | 2805 ||| DROPPING +0 shortbow of chaos.
  2885 | D:4      | Found Coricvug's Antique Weapon Emporium.
  3009 | D:4      | Found a staircase to the Ecumenical Temple.
  3010 | D:4      | 3010 ||| PLANNING TEMPLE
  3010 | D:4      | 3010 ||| READING scroll labelled BIOZXORHAO.
  3041 | D:4      | Reached skill level 7 in Ranged Weapons
  3120 | Temple   | Entered the Ecumenical Temple
  3121 | Temple   | 3121 ||| PLANNING OKAWARU WORSHIP
  3127 | Temple   | Became a worshipper of Warmaster Okawaru
  3128 | Temple   | 3128 ||| PLANNING D:1-11
  3210 | D:5      | Entered Level 5 of the Dungeon
  3247 | D:5      | Reached XP level 7. HP: 32/43 MP: 7/7
  3255 | D:5      | 3255 ||| FLEEEEING.
  3256 | D:5      | 3256 ||| FLEEEEING.
  3260 | D:5      | 3260 ||| STAIRDANCE
  3300 | D:5      | 3300 ||| Stepping ~*~*~tactically~*~*~ (retreating).
  3301 | D:5      | 3301 ||| Stepping ~*~*~tactically~*~*~ (retreating).
  3308 | D:5      | Reached skill level 8 in Ranged Weapons
  3341 | D:5      | HP: 4/44 [orc wizard/magic dart (9)]
  3342 | D:5      | 3342 ||| DRINKING 3 potions of heal wounds.
  3343 | D:5      | Reached * piety under Okawaru
  3344 | D:5      | 3344 ||| INVOKING Heroism.
  3344 | D:5      | Noticed a steam dragon
  3350 | D:5      | 3350 ||| Stepping ~*~*~tactically~*~*~ (cloud).
  3355 | D:5      | HP: 11/44 [steam dragon (1)]
  3356 | D:5      | 3356 ||| DRINKING 2 potions of heal wounds.
  3357 | D:5      | Killed a steam dragon
  3360 | D:5      | 3360 ||| INVOKING Heroism.
  3488 | D:5      | Reached XP level 8. HP: 38/49 MP: 8/8
  3528 | D:5      | You fall into a shaft and drop 1 floor!
  3577 | D:6      | 3577 ||| UPGRADING to +0 ring mail of cold resistance.
  3587 | D:6      | 3587 ||| DROPPING +0 ring mail.
  3595 | D:5      | 3595 ||| INVOKING Heroism.
  3634 | D:5      | 3634 ||| INVOKING Heroism.
  3859 | D:5      | Reached skill level 9 in Ranged Weapons
  4162 | D:5      | Reached skill level 6 in Fighting
  4299 | D:5      | 4299 ||| UPGRADING to ring of resist corrosion.
  4300 | D:5      | 4300 ||| UPGRADING to +6 ring of dexterity.
  4301 | D:5      | 4301 ||| READING 2 scrolls of identify.
  4301 | D:5      | 4301 ||| IDENTIFYING amethyst potion
  4343 | D:6      | Reached skill level 1 in Invocations
  4383 | D:6      | 4383 ||| INVOKING Heroism.
  4386 | D:6      | 4386 ||| RETREATING.
  4532 | D:6      | Reached skill level 3 in Dodging
  4580 | D:6      | Reached skill level 3 in Invocations
  4580 | D:6      | Reached XP level 9. HP: 55/55 MP: 11/11
  4712 | D:6      | 4712 ||| INVOKING Heroism.
  5045 | D:6      | Reached skill level 10 in Ranged Weapons
  5081 | D:6      | 5081 ||| INVOKING Heroism.
  5288 | D:6      | 5288 ||| INVOKING Heroism.
  5525 | D:6      | 5525 ||| READING 3 scrolls of identify.
  5525 | D:6      | 5525 ||| IDENTIFYING pink potion
  5526 | D:6      | 5526 ||| READING 2 scrolls of identify.
  5526 | D:6      | 5526 ||| IDENTIFYING fizzy black potion
  5707 | D:7      | 5707 ||| INVOKING Heroism.
  5834 | D:7      | Found an opulent altar of Gozag.
  6011 | D:7      | Found a snail-covered altar of Cheibriados.
  6030 | D:7      | Reached skill level 11 in Ranged Weapons
  6675 | D:7      | 6675 ||| READING scroll labelled YRICHU CEINA.
  6715 | D:7      | 6715 ||| READING 2 scrolls of identify.
  6715 | D:7      | 6715 ||| IDENTIFYING emerald potion
  6749 | D:8      | 6749 ||| RETREATING.
  6755 | D:8      | Reached ** piety under Okawaru
  6757 | D:8      | 6757 ||| INVOKING Heroism.
  6763 | D:8      | Reached XP level 10. HP: 43/63 MP: 10/13
  6772 | D:8      | 6772 ||| INVOKING Heroism.
  6901 | D:8      | Found a white marble altar of Elyvilon.
  7086 | D:8      | 7086 ||| INVOKING Heroism.
  7295 | D:8      | Reached skill level 12 in Ranged Weapons
  7311 | D:8      | Noticed Maurice
  7322 | D:8      | Killed Maurice
  7322 | D:8      | Noticed a two-headed ogre
  7323 | D:8      | Reached skill level 3 in Armour
  7323 | D:8      | 7323 ||| FLEEEEING.
  7324 | D:8      | 7324 ||| FLEEEEING.
  7325 | D:8      | 7325 ||| FLEEEEING.
  7326 | D:8      | 7326 ||| FLEEEEING.
  7333 | D:8      | 7333 ||| FLEEEEING.
  7338 | D:8      | Noticed Psyche
  7339 | D:8      | 7339 ||| FLEEEEING.
  7340 | D:8      | 7340 ||| STAIRDANCE
  7416 | D:7      | 7416 ||| DRINKING 2 metallic golden potions.
  7456 | D:7      | 7456 ||| READING 2 scrolls of identify.
  7456 | D:7      | 7456 ||| IDENTIFYING green potion
  7457 | D:7      | 7457 ||| DROPPING potion of berserk rage.
  7458 | D:7      | 7458 ||| DROPPING potion of lignification.
  7461 | D:8      | 7461 ||| STAIRDANCE
  7463 | D:7      | 7463 ||| INVOKING Heroism.
  7464 | D:7      | 7464 ||| DRINKING potion of curing.
  7464 | D:7      | 7464 ||| (to cure confusion)
  7467 | D:7      | Killed Psyche
  7467 | D:7      | Reached *** piety under Okawaru
  7484 | D:8      | 7484 ||| INVOKING Heroism.
  7487 | D:8      | HP: 4/64 [two-headed ogre/+0 giant club (17)]
  7488 | D:8      | 7488 ||| READING scroll of teleportation.
  7489 | D:8      | 7489 ||| DRINKING potion of heal wounds.
  7491 | D:8      | Noticed Maggie
  7496 | D:8      | Slain by Maggie

Levels and vault maps discovered:
D:1:      spicycebolla_arrival_risky_transporter, layout_basic, serial_aquarium,
          aquarium_bridge_island_small [aquarium_subvault_small_open,
          aquarium_subvault_bridge, aquarium_subvault_bridge,
          aquarium_subvault_window, aquarium_subvault_window],
          aquarium_window_fake, aquarium_window_1, aquarium_window_corridor_2,
          aquarium_window_fake, aquarium_view_2b, aquarium_view_2e
D:2:      layout_basic, kennysheep_donut, minmay_pentomino_z2, uniq_natasha
D:3:      layout_basic, riverfiend_overflow_shadow_ancestor,
          nicolae_overflow_crystal_walls,
          shapermc_ecumenical_altar_mp_highgroup, kennysheep_minor_cross,
          lemuel_flame_loot_1
D:4:      layout_rooms, minmay_temple_entry_trees, serial_shops,
          nicolae_shop_pleasant_corner_grove
D:5:      layout_rooms, minmay_hedge_maze, minmay_fractal_squares_diagonal_5
D:6:      layout_basic, nrook_pool_corridor, minmay_between
D:7:      layout_layer_cave, lemuel_doored_altar, nicolae_gozag_seed_capital,
          chequers_arboretum, minmay_misc_feat_tower
D:8:      layout_gridville, old_standard_altar, uniq_psyche, uniq_maurice,
          uniq_maggie
Temple:   nicolae_temple_superstar

Skill      XL: |  1  2  3  4  5  6  7  8  9 10 |
---------------+-------------------------------+-----
Ranged Weapons | 5 6 7 8 9 11 12 | 12.2
Fighting       | 3 4 5 6 7 8 |  8.1
Armour         | 1 2 3 |  3.5
Dodging        | 2 3 4 |  4.3
Invocations    | 3 4 |  4.1
Stealth        | |  1.1

Action                     |  1- 3 |  4- 6 |  7- 9 | 10-12 || total
---------------------------+-------+-------+-------+-------++-------
   Fire: Shortbow          |    58 |   191 |       |       ||   249
         Orcbow            |       |    51 |   399 |    96 ||   546
 Invoke: Heroism           |       |       |    10 |     4 ||    14
    Use: Scroll            |     3 |     5 |     5 |     2 ||    15
         Potion            |     1 |       |     2 |     3 ||     6
 Armour: Leather armour    |     7 |    23 |       |       ||    30
         Ring mail         |       |    65 |   184 |    26 ||   275
  Dodge: Dodged            |    12 |    83 |   138 |    30 ||   263

Table legend:
 A = Non-vault XP
 B = Vault XP
 C = Vault XP percentage of total XP
 D = Non-vault monster count
 E = Vault monster count
 F = Vault count percentage of total count
                 A         B        C        D         E       F
            +---------+---------+-------+---------+---------+-------
      Total |    5775 |    1646 |  22.2 |     160 |      17 |   9.6
            +---------+---------+-------+---------+---------+-------
        D:1 |      36 |       0 |   0.0 |      20 |       0 |   0.0
        D:2 |     127 |      39 |  23.5 |      21 |       3 |  12.5
        D:3 |     101 |       0 |   0.0 |      26 |       0 |   0.0
        D:4 |     258 |       0 |   0.0 |      12 |       0 |   0.0
        D:5 |    1016 |     308 |  23.3 |      20 |       6 |  23.1
        D:6 |    1116 |     475 |  29.9 |      21 |       6 |  22.2
        D:7 |     817 |     379 |  31.7 |      16 |       1 |   5.9
        D:8 |    2304 |     445 |  16.2 |      24 |       1 |   4.0
            +---------+---------+-------+---------+---------+-------
